 Dungeon Crawl Stone Soup version 0.21-a0-33-g8b44e26 (webtiles) character file.

247 HarryHood the Skirmisher (level 6, -6/36 HPs)
             Began as a Vine Stalker Fighter on May 27, 2017.
             Mangled by Pikel
             ... wielding a +2 whip of electrocution
              (11 damage)
             ... on level 5 of the Dungeon.
             The game lasted 00:13:51 (3045 turns).

HarryHood the Skirmisher (Vine Stalker Fighter)     Turns: 3045, Time: 00:13:52

Health: -6/36      AC:  9    Str: 20    XL:     6   Next: 11%
Magic:  0/7        EV:  7    Int:  9    God:
Gold:   138        SH:  9    Dex: 16    Spells: 5/5 levels left

rFire    + . .     SeeInvis .   a - +1 flail
rCold    . . .     Gourm    .   c - +0 shield
rNeg     . . .     Faith    .   b - +0 scale mail
rPois    .         Spirit   +   (no helmet)
rElec    .         Reflect  .   (no cloak)
rCorr    .         Harm     .   o - +1 pair of gloves
MR       .....                  u - +0 pair of boots
Stlth    ..........             (no amulet)
Regen    0.6/turn               e - +3 ring of dexterity
MPRegen  0.1/turn               v - ring of protection from fire

@: no status effects
A: fangs 2, regeneration 1, magic shield, antimagic bite, no potion heal 3, rot
immunity
a: no special abilities


You were on level 5 of the Dungeon.
You were not hungry.

You visited 1 branch of the dungeon, and saw 5 of its levels.

You collected 138 gold pieces.

Inventory:

Hand Weapons
 a - a +1 flail (weapon)
Armour
 b - a +0 scale mail (worn)
 c - a +0 shield (worn)
 o - a +1 pair of gloves (worn)
 u - a +0 pair of boots (worn)
Jewellery
 e - a +3 ring of dexterity (left hand)
 i - an uncursed ring of resist corrosion
 v - a ring of protection from fire (right hand)
Scrolls
 j - 3 scrolls of remove curse {@r1}
 m - 4 scrolls of blinking {@r7}
 t - a scroll of fear
Potions
 d - a potion of might
 k - 2 potions of flight
 l - 2 potions of lignification {unknown}
 n - 4 potions of curing {@q2}
 p - a potion of mutation {unknown}
 s - a potion of invisibility {unknown}
Comestibles
 f - 6 bread rations {@e1}
 g - a royal jelly {@e3}
 q - a fruit {@e2}


   Skills:
 - Level 6.1 Fighting
 * Level 1.7 Maces & Flails
 - Level 2.4 Armour
 - Level 2.6 Shields


You had 5 spell levels left.
You didn't know any spells.

Dungeon Overview and Level Annotations

Branches:
Dungeon (5/15)
 Temple: D:4-7

Altars:
Okawaru

Shops:
D:4 }

Annotations:
D:5 Pikel


Innate Abilities, Weirdness & Mutations

You have extremely sharp teeth.
Your natural rate of healing is unusually fast.
When hurt, damage is shared between your health and your magic reserves.
Your bite disrupts and absorbs the magic of your enemies.
Potions cannot restore your health.
You are immune to rotting.


Message History

* * * LOW HITPOINT WARNING * * *
You are electrocuted!
* * * LOW HITPOINT WARNING * * *
You take 14 damage, and have 1/36 hp.
MASSIVE DAMAGE!!
You now have 1/7 mp.
You hit Pikel but do no damage. Your bite misses Pikel.
Pikel says, "Slavery isn't that bad."
You block Pikel's attack.
You hit Pikel but do no damage. Your bite misses Pikel.
Pikel barely misses you.
You hit Pikel. Your bite misses Pikel. You block Pikel's attack.
The phantom blinks!
You closely miss Pikel. Your bite misses Pikel.
Pikel hits you but does no damage. x2
You hit Pikel but do no damage. You bite Pikel. You drain his power.
You feel invigorated.
Pikel hits you with a whip of electrocution.
You regained 4 mp, and now have 5/7 mp.
You barely miss Pikel. You bite Pikel, but do no damage.
Pikel hits you but does no damage.
You are electrocuted!
You die...

. ... #########
....p###........
...WppK@.......#
....p###.#####.
... #.# . #.#
#.#### #....##
.#.##.###.####.#
.................
.......<.........


You could see Pikel, a phantom and 4 slaves.

Vanquished Creatures
  A centaur skeleton (D:4)
  An iguana (D:4)
  A worker ant (D:4)
  5 adders
  A shadow imp (D:4)
  2 oozes
  3 worms
  6 dart slugs
  5 leopard geckos
  3 orcs
  3 ball pythons
  5 giant cockroaches
  10 goblins
  8 hobgoblins
  2 quokkas (D:3)
  3 bats
  5 frilled lizards
  7 kobolds
  17 rats
88 creatures vanquished.

Notes
Turn   | Place    | Note
-------+----------+-------------------------------------------
     0 | D:1      | HarryHood the Vine Stalker Fighter began the quest for the Orb.
     0 | D:1      | Reached XP level 1. HP: 11/11 MP: 2/2
   108 | D:1      | Reached skill level 3 in Fighting
   129 | D:1      | Reached XP level 2. HP: 16/16 MP: 3/3
   520 | D:1      | Reached XP level 3. HP: 20/21 MP: 4/4
   961 | D:2      | Reached skill level 4 in Fighting
  1177 | D:2      | Gained mutation: Your natural rate of healing is unusually fast. [Vine Stalker growth]
  1177 | D:2      | Reached XP level 4. HP: 24/26 MP: 5/5
  1771 | D:3      | Found an iron altar of Okawaru.
  2098 | D:3      | Reached skill level 5 in Fighting
  2235 | D:3      | Reached XP level 5. HP: 30/30 MP: 6/6
  2771 | D:4      | Found Enocot's Gadget Shop.
  2834 | D:4      | Reached skill level 6 in Fighting
  2834 | D:4      | Reached XP level 6. HP: 34/36 MP: 5/7
  3023 | D:5      | Entered Level 5 of the Dungeon
  3032 | D:5      | Noticed Pikel
  3032 | D:5      | Noticed a slave
  3033 | D:5      | Noticed a slave
  3033 | D:5      | Noticed a slave
  3033 | D:5      | Noticed a slave
  3038 | D:5      | Noticed a phantom
  3039 | D:5      | HP: 1/36 [Pikel/whip of electrocution (8)]
  3045 | D:5      | Mangled by Pikel

Vault maps used:
D:1:      dpeg_arrival_erosion, minmay_rat_gold_closets
D:3:      minmay_wonky_spiral, first_bread, kennysheep_okawaru_gauntlet
D:4:      serial_shops, nicolae_shop_window_shopping
D:5:      marbit_many_paths, nemelex_xobeh_ov_fountains_minmay,
          amethyst_overflow_temple_binary, uniq_pikel

Skill      XL: |  1  2  3  4  5 |
---------------+----------------+-----
Fighting       | 3 4 5 6 |  6.1
Maces & Flails | |  1.7
Armour         | |  2.4
Shields        | |  2.6

Action                   |  1- 3 |  4- 6 || total
-------------------------+-------+-------++-------
Melee: Flail             |    93 |   109 ||   202
       Bite              |    24 |    38 ||    62
  Use: Scroll            |     6 |     6 ||    12
  Eat: Chunk             |     1 |     6 ||     7
Armor: Scale mail        |    33 |    46 ||    79
Dodge: Dodged            |    19 |    31 ||    50
Block: Shield            |    37 |    56 ||    93
